 Dungeon Crawl Stone Soup version 0.30-a0-570-g486de37d69 (webtiles) character file.

Game seed: 6507426148204363029

210 kae the Changer (level 5, -4/37 HPs)
             Began as a Demonspawn Transmuter on Dec 29, 2022.
             Killed by divine providence
             ... invoked by an orc priest
              (15 damage)
             ... on level 3 of the Dungeon.
             The game lasted 00:02:54 (2934 turns).

kae the Changer (Demonspawn Transmuter)             Turns: 2934, Time: 00:02:55

Health: -4/37      AC:  2    Str: 10    XL:     5   Next: 57%
Magic:  7/9        EV: 12    Int: 16    God:
Gold:   191        SH:  0    Dex: 14    Spells: 4/10 levels left

rFire   . . .      SeeInvis .      - Unarmed
rCold   . . .      Faith    .    (no shield)
rNeg    . . .      Spirit   .    a - +0 robe
rPois   .          Reflect  .    (no helmet)
rElec   .          Harm     .    e - scarf {shadows}
rCorr   .          Rampage  .    (no gloves)
Will    .....                    (no boots)
Stlth   +                        (no amulet)
HPRegen 0.26/turn                (no ring)
MPRegen 0.11/turn                (no ring)

@: no status effects
A: demonic magic 1
a: no special abilities


You were on level 3 of the Dungeon.
You visited 1 branch of the dungeon, and saw 4 of its levels.

You collected 191 gold pieces.


Innate Abilities, Weirdness & Mutations

Spells you cast may paralyse adjacent enemies.


   Skills:
 - Level 1.0 Fighting
 - Level 1.7 Dodging
 + Level 3.6 Unarmed Combat
 + Level 3.0 Spellcasting
 * Level 3.8 Transmutations
 - Level 1.5 Poison Magic


You had 4 spell levels left.
You knew the following spells:

 Your Spells              Type           Power      Damage    Failure   Level
a - Beastly Appendage     Tmut           28%        N/A       4%          1
b - Wereblood             Tmut           14%        N/A       6%          2
c - Spider Form           Tmut/Pois      10%        N/A       19%         3

Your spell library contained the following spells:

 Spells                   Type           Power      Damage    Failure   Level
 Magic Dart               Conj           8%         1d3       19%         1
 Call Imp                 Summ           2%         N/A       28%         2
 Mephitic Cloud           Conj/Pois/Air  4%         N/A       41%         3
 Ice Form                 Ice/Tmut       8%         N/A       63%         4
 Alistair's Intoxication  Tmut/Pois      6%         N/A       86%         5
 Borgnjor's Vile Clutch   Necr/Erth      1%         N/A       99%         5
 Eringya's Noxious Bog    Tmut/Pois      5%         N/A       100%        6

Inventory:

Missiles
 d - 2 boomerangs
 f - 28 stones
 j - 3 atropa-tipped darts
Armour
 a - a +0 robe (worn)
 e - a scarf of shadows (worn)
   (You found it on level 1 of the Dungeon)
Jewellery
 O - a +4 ring of protection
   (You found it on level 3 of the Dungeon)
 W - a ring of magical power
   (You found it on level 2 of the Dungeon)
Wands
 m - a wand of polymorph (8)
   (You found it on level 2 of the Dungeon)
 r - a wand of charming (5)
   (You found it on level 3 of the Dungeon)
Scrolls
 g - 2 scrolls of amnesia
 o - 2 scrolls of identify {@r1}
 p - 2 scrolls of torment {unknown}
 s - a scroll of fog {unknown}
Potions
 b - 2 potions of lignification {!q}
 c - 3 potions of might
 h - a potion of magic {unknown}
 i - 2 potions of haste {@q3}
 k - a potion of curing {unknown}
 l - 2 potions of ambrosia
 n - a potion of degeneration {!q}
 q - a potion of attraction {unknown}
 t - a potion of berserk rage {unknown}

Dungeon Overview and Level Annotations

Branches:
Dungeon (4/15) Zot: 21058
 Temple: D:4-7

Altars:

Shops:
D:2

( #.#..#.##.#####>## #......
#.#..#.##.# #...# #...)..
#.#....##.# #...# #......
#.#.##.##.# #...# ####.##
####......##.# #...# #...
.##..........####...###### #..)
.##.#####.##.............#####...
.....#..........)o.......>.......
.##..#.#..##....@........##......
.##..#.#..######....#.#####...#..
###.......# ##....#.# #.......†
##.....## #.......# #.......#
######.### #.[.....# #.......#
.).....# #.......# ###†.....
######## #....#.## #...### ####
#####.####.## ##.###. ...#
#...#.####..######.##..


You could see an orc priest (extremely poisoned).


Message History

You hit Natasha but do no damage. Natasha casts a spell at you.
You feel yourself slow down.
You hit Natasha.
Natasha looks as sick as possible!
You kill Natasha!
You feel Natasha's spirit has finally been put to rest.
Your Spellcasting skill increases to level 3!
Unknown command.
t - a sapphire potion Your transformation has ended.
Your scarf of shadows unmelds from your body.
Your +0 robe unmelds from your body.
It gets dark. 😎 MP[+1]
You start resting. 😎 MP[+1]
Your mp is fully restored (9).
You feel yourself speed up.
Found a stone staircase leading up.
You see here a +0 dagger.
Done exploring.
Done exploring.
Done exploring.
Done exploring.
(D) Dungeon
Where to? (Enter - D:3, ? - help)
You see here a +0 dagger.
There is a stone staircase leading down here.
You climb downwards.
The orc priest shouts!
The kobold shouts!
You hear a shout!
Found a sling.
Found a stone staircase leading down.
There is a stone staircase leading up here.
There are monsters nearby!
Unknown command.
Unknown command.
Casting: Spider Form (quite dangerous; 19% risk of failure)
Confirm with . or Enter, or press ? or * to list all spells.
The spell is quite dangerous to miscast (19% risk of failure)!
Continue anyway? [Y]es or [N]o only, please.
The spell is quite dangerous to miscast (19% risk of failure)!
Continue anyway?
You turn into a venomous arachnid creature.
Your scarf of shadows melds into your body.
Your +0 robe melds into your body.
The dungeon's light returns to normal.
Malevolent energies surge around you.
The kobold suddenly stops moving!
The orc shouts!
An orc comes into view. It is wielding a +0 flail. 😎 MP[-3]
You lost 3 mp, and now have 6/9 mp.
The helpless kobold fails to defend itself.
You hit the kobold.
You kill the kobold!
You hit the orc but do no damage.
The orc is poisoned.
The orc closely misses you.
You hit the orc. The orc misses you. The orc barely misses you.
The orc priest hits you with a +0 flail!
You climb upwards.
There is a stone staircase leading down here. 😕 HP[-9]
You take 9 damage, and now have 28/37 hp.
MASSIVE DAMAGE!! (PAUSE)
You hit the orc priest but do no damage.
The orc priest is poisoned.
The orc closely misses you. The orc priest misses you.
You hit the orc priest.
The orc priest looks as sick as possible!
The orc misses you.
The orc priest hits you with a +0 flail! 😮 HP[-7]
You take 7 damage, and now have 21/37 hp.
You hit the orc priest but do no damage.
The orc priest looks as sick as possible!
You kill the orc!
The orc priest hits you with a +0 flail.
* * * LOW HITPOINT WARNING * * *
😨 HP[-4] MP[+1]
You take 4 damage, and now have 17/37 hp.
You barely miss the orc priest. The orc priest barely misses you.
Unknown command.
You hit the orc priest but do no damage.
The orc priest looks as sick as possible!
Your transformation has ended.
Your scarf of shadows unmelds from your body.
Your +0 robe unmelds from your body.
It gets dark.
The orc priest hits you with a +0 flail.
* * * LOW HITPOINT WARNING * * *
😨 HP[-4]
You take 4 damage, and now have 13/37 hp.
You hit the orc priest but do no damage.
The orc priest barely misses you. 😨 HP[+1]
You hit the orc priest but do no damage.
The orc priest hits you with a +0 flail.
* * * LOW HITPOINT WARNING * * *
😨 HP[-3]
You take 3 damage, and now have 11/37 hp.
Unknown command.
You hit the orc priest.
The orc priest calls down the wrath of Beogh upon you.
Beogh smites you!
You die...

Skill      XL: |  1  2  3  4  5 |
---------------+----------------+-----
Transmutations | 2 3 |  3.8
Unarmed Combat | 3 |  3.6
Poison Magic   | 1 |  1.5
Spellcasting   | 3 |  3.0
Fighting       | |  1.0
Dodging        | |  1.7

Action                   |  1- 3 |  4- 6 || total
-------------------------+-------+-------++-------
Melee: Unarmed           |   106 |    78 ||   184
       Kick              |    25 |    11 ||    36
       Headbutt          |     9 |     9 ||    18
       Punch             |     1 |       ||     1
 Cast: Beastly Appendage |    27 |    18 ||    45
       Spider Form       |       |     3 ||     3
  Use: Scroll            |       |     8 ||     8
 Stab: Paralysed         |     3 |     8 ||    11
       Sleeping          |       |     2 ||     2
Armor: Robe              |    20 |     7 ||    27
       Skin              |       |     2 ||     2
Dodge: Dodged            |    77 |    62 ||   139

Levels and vault maps discovered:
D:1:      dreamdust_arrival_beginning_and_end, layout_basic,
          hellmonk_ecumenical_altar_run_dry
D:2:      layout_loops_ring, serial_shops, nicolae_shop_waterfront,
          nicolae_titane
D:3:      layout_loops_cross, uniq_natasha
D:4:      layout_loops_ring, kennysheep_orc_sif_temple,
          nicolae_shop_sticking_my_neck_out, uniq_grinder, uniq_duvessa,
          uniq_robin

Notes
Turn   | Place    | Note
-------+----------+-------------------------------------------
     0 | D:1      | kae the Demonspawn Transmuter began the quest for the Orb.
     0 | D:1      | Reached XP level 1. HP: 15/15 MP: 3/3
     0 | D:1      | magus.rc [v1.11.3]
    85 | D:1      | Found a faded altar of an unknown god.
    95 | D:1      | Reached skill level 2 in Transmutations
   241 | D:1      | Gained mutation: Spells you cast may paralyse adjacent
                  | enemies. [demonic ancestry]
   241 | D:1      | Reached XP level 2. HP: 21/21 MP: 3/5
   518 | D:1      | Reached skill level 3 in Unarmed Combat
   785 | D:1      | Reached XP level 3. HP: 26/26 MP: 4/6
   788 | D:1      | Learned a level 2 spell: Wereblood
   796 | D:1      | Learned a level 3 spell: Spider Form
  1204 | D:2      | Found Oqopot's Antique Weapon Emporium.
  1402 | D:2      | Reached skill level 1 in Poison Magic
  1417 | D:2      | Reached XP level 4. HP: 18/32 MP: 5/7
  1497 | D:2      | You pick up a book of Minor Magic and begin reading...
  1497 | D:2      | You add the spells Magic Dart, Call Imp and Mephitic Cloud
                  | to your library.
  1707 | D:2      | Reached skill level 3 in Transmutations
  1909 | D:2      | You add the spells Alistair's Intoxication, Borgnjor's Vile
                  | Clutch and Eringya's Noxious Bog to your library.
  2603 | D:3      | Noticed Natasha
  2607 | D:3      | Killed Natasha
  2608 | D:3      | Reached XP level 5. HP: 36/37 MP: 2/9
  2609 | D:3      | Noticed Natasha
  2617 | D:3      | Killed Natasha
  2817 | D:3      | Noticed Natasha
  2832 | D:3      | Killed Natasha
  2833 | D:3      | Reached skill level 3 in Spellcasting
  2934 | D:3      | Killed from afar by an orc priest

Vanquished Creatures
  Natasha (thrice) (D:3)
  7 adders
  A worm (D:3)
  A dart slug (D:1)
  3 orcs (D:3)
  6 bats
  4 endoplasms
  4 giant cockroaches
  3 goblins
  7 hobgoblins
  4 jackals (D:2)
  4 kobolds
  2 quokkas
  5 ball pythons
  6 frilled lizards
  9 rats
69 creatures vanquished.

Table legend:
 A = Non-vault XP
 B = Vault XP
 C = Vault XP percentage of total XP
 D = Non-vault monster count
 E = Vault monster count
 F = Vault count percentage of total count
                 A         B        C        D         E       F
            +---------+---------+-------+---------+---------+-------
      Total |     266 |      35 |  11.6 |      68 |       1 |   1.4
            +---------+---------+-------+---------+---------+-------
        D:1 |      45 |       0 |   0.0 |      29 |       0 |   0.0
        D:2 |      94 |       0 |   0.0 |      21 |       0 |   0.0
        D:3 |     126 |      35 |  21.7 |      17 |       1 |   5.6
        D:4 |       1 |       0 |   0.0 |       1 |       0 |   0.0
            +---------+---------+-------+---------+---------+-------

Illustrated notes

Table legend:
 A = Kills in this place as a percentage of kills in entire the game.
 B = Kills by you in this place as a percentage of kills by you in the entire game.
 C = Kills by friends in this place as a percentage of kills by friends in the entire game.
 D = Other kills in this place as a percentage of other kills in the entire game.
 E = Experience gained in this place as a percentage of experience gained in the entire game.
 F = Experience gained in this place divided by the number of levels of this place that you have seen.
                   A       B       C       D       E      F
               +-------+-------+-------+-------+-------+----------------------
         Total | 100.0 | 100.0 |   N/A |   N/A | 100.0 |  75.2
       Dungeon | 100.0 | 100.0 |   N/A |   N/A | 100.0 |  75.2
               +-------+-------+-------+-------+-------+----------------------

Table legend: (Time is in decaauts)
 A = Elapsed time spent in this place.
 B = Non-inter-level travel time spent in this place.
 C = Inter-level travel time spent in this place.
 D = Time resting spent in this place.
 E = Time spent auto-exploring this place.
 F = Levels seen in this place.
 G = Mean time per level.
                   A        B        C        D        E       F      G
               +--------+--------+--------+--------+--------+-----+--------+
         Total |   2940 |   2823 |    117 |     30 |   2259 |   4 |  735.0 |
       Dungeon |   2940 |   2823 |    117 |     30 |   2259 |   4 |  735.0 |
               +--------+--------+--------+--------+--------+-----+--------+

Top non-repeatable levels by time:
     D:1: 1142 daAuts
     D:2: 964 daAuts
     D:3: 828 daAuts
     D:4: 5 daAuts
